 Dungeon Crawl Stone Soup version 0.26-a0-639-g72c4674329 (webtiles) character file.

Game seed: 13661172322456717167

12773 Gottschkopf the Transmogrifier (level 11, -1/92 HPs)
             Began as a Grey Draconian Transmuter on Sept 16, 2020.
             Was an Initiate of Ru.
             Killed from afar by a hell hog (12 damage)
             ... with a fireball
             ... on level 1 of the Abyss.
             The game lasted 00:42:36 (14583 turns).

Gottschkopf the Transmogrifier (DrTm)              Turns: 14583, Time: 00:42:36

Health: -1/92      AC: 12    Str: 12    XL:     11   Next: 66%
Magic:  19/23      EV: 17    Int: 17    God:    Ru [......]
Gold:   909        SH:  0    Dex: 14    Spells: 3/14 levels left

rFire    + . .     SeeInvis .     - Unarmed
rCold    + . .     Faith    .   (shield currently unavailable)
rNeg     . . .     Spirit   .   (armour unavailable)
rPois    .         Reflect  .   (helmet restricted)
rElec    .         Harm     .   F - scarf {rC+ rF+}
rCorr    .         Rampage  .   (gloves currently unavailable)
MR       .....                  (no boots)
Stlth    +.........             (no amulet)
HPRegen  0.25/turn              x - ring of magical power
MPRegen  0.18/turn              (no ring)

@: about to teleport, blade hands (expiring), wereblooded
A: walk through water, unfitting armour, agile 1, wild magic 1, unbreathing,
cold-blooded, AC +12
a: End Transformation, Renounce Religion


You were on level 1 of the Abyss.
You worshipped Ru.
Ru was noncommittal.
You had blades for hands.
You visited 2 branches of the dungeon, and saw 13 of its levels.
You visited the Abyss 1 time.

You collected 975 gold pieces.
You spent 66 gold pieces at shops.

Inventory:

Hand Weapons
 d - a +2 short sword of venom
 G - the +8 hunting sling of Dissatisfaction {vorpal, rPois rF- MP+9 Str+5, unknown}
   (You found it on level 12 of the Dungeon)

   Any stone fired from it inflicts extra damage.
   It affects your strength (+5).
   It makes you vulnerable to fire.
   It protects you from poison.
   It affects your magic capacity (+9).
Armour
 l - a +2 buckler (melded)
 o - a +0 pair of gloves (melded)
 F - a scarf of resistance (worn)
Magical Staves
 y - an uncursed staff of air
Jewellery
 x - a ring of magical power (left scythe-like blade)
Wands
 f - a wand of enslavement (5)
 n - a wand of acid (6)
 q - a wand of random effects (26)
 u - a wand of iceblast (5)
 A - a wand of paralysis (11)
 B - a wand of flame (22)
Scrolls
 a - a scroll of enchant weapon {unknown}
 e - 6 scrolls of teleportation
 g - a scroll of magic mapping
 h - 2 scrolls of blinking {unknown}
 i - a scroll of immolation {unknown}
 j - 9 scrolls of remove curse {unknown}
 m - 3 scrolls of fear {unknown}
 p - 9 scrolls of amnesia
 r - 3 scrolls of fog {unknown}
 D - a scroll of random uselessness {unknown}
 H - 3 scrolls of identify
Potions
 b - 2 potions of stabbing
 c - 3 potions of curing
 k - a potion of lignification
 s - a potion of might
 t - a potion of flight
 v - a potion of magic
 w - 2 potions of haste
 z - a potion of resistance
 C - a potion of cancellation
Miscellaneous
 E - a lightning rod (4/4)


   Skills:
 - Level 7.5 Fighting
 - Level 1.4 Short Blades
 + Level 8.8 Dodging
 - Level 4.0 Shields
 - Level 10.0 Unarmed Combat
 - Level 2.0 Spellcasting
 - Level 10.5 Transmutations
 - Level 2.0 Poison Magic


You had 3 spell levels left.
You knew the following spells:

 Your Spells              Type           Power        Failure   Level
a - Blade Hands           Tmut           #####.....   47%         5
b - Spider Form           Tmut/Pois      ####......   38%         3
c - Wereblood             Tmut           #####...     16%         2
d - Beastly Appendage     Tmut           #####.       14%         1

Your spell library contained the following spells:

 Spells                   Type           Power        Failure   Level
 Ice Form                 Ice/Tmut       ####....     73%         4
 Yara's Violent Unravell  Hex/Tmut       ####......   92%         5
 Cause Fear               Hex            #.........   99%         4
 Silence                  Hex/Air        #.........   100%        5
 Discord                  Hex            #.........   100%        8


Dungeon Overview and Level Annotations

Branches:
Dungeon (12/15)            Temple (1/1) D:7            Lair (0/6) D:8
    Orc (0/2) D:10

Altars:
Elyvilon
Fedhas
Gozag
Kikubaaqudgha
Makhleb
Nemelex Xobeh
Okawaru
Ru
Trog
Uskayaw
Vehumet
Wu Jian
Xom
Yredelemnul
Zin
The Shining One

Shops:
D:6 }   D:10 [   D:11 **

Annotations:
D:6 exclusion: statue
D:9 3 runed translucent doors, KennyOmg's ghost, novice MiBe
D:11 Erolcha


Innate Abilities, Weirdness & Mutations

You can walk through water.
Your dull iron-grey scales are very hard. (AC +12)
You cannot fit into any form of body armour.
You can survive without breathing.
You are cold-blooded and may be slowed by cold attacks.
You are agile. (Dex +2)
Your spells are a little harder to cast, but a little more powerful.


Message History

You howl as the wereblood boils in your veins!
The deep elf sorcerer hits you but does no damage.
The hell hog barely misses you.
You slice the deep elf sorcerer!!
You kill the deep elf sorcerer!
The hell hog closely misses you. The hell hog bites you!
* * * LOW HITPOINT WARNING * * *
Things that are here:
a +0 short sword; a +0 leather armour; a scroll labeled LOM PAIZOS
As you read the scroll of teleportation, it crumbles to dust.
You feel strangely unstable.
You feel the power of the Abyss delaying your translocation!
The hell hog closely misses you.
Your transformation is almost over.
The hell hog bites you.
* * * LOW HITPOINT WARNING * * *
The hell hog breathes fire at you.
The fireball explodes!
The fireball engulfs you! You resist.
You die...

§§## ...§§.
....# ...###
#### .....#
#...####.... #
#@.#.....#
##.h.# .
#..##h### #
####.)#.##
#.##.#.†#.#
.....###h.#.
..##...5#...#
. ## ##
###.#.(##..# #
#. #
##.###........


You could see 2 hell hogs.

Vanquished Creatures
  A deep elf sorcerer (Abyss:1)
  Erica (D:8)
  2 two-headed ogres
  A hell hog (Abyss:1)
  A deep elf mage (D:12)
  Joseph (D:8)
  A smoke demon (Abyss:1)
  A centaur skeleton (D:11)
  A troll (D:11)
  A hippogriff (D:11)
  5 yaks (D:10)
  A chaos spawn (Abyss:1)
  Eustachio (D:4)
  A small abomination (Abyss:1)
  A water moccasin (D:12)
  5 porcupines
  3 orc warriors
  2 ice beasts
  A sky beast (D:12)
  3 phantoms
  2 black bears (D:7)
  11 ogres
  3 centaurs
  A crocodile (D:7)
  2 bullfrogs (D:6)
  A gnoll sergeant (D:5)
  4 scorpions
  17 killer bees
  8 wights (D:8)
  2 howler monkeys (D:9)
  A bullfrog zombie (D:8)
  A jelly (D:5)
  3 centaur zombies
  5 hounds
  5 orc priests
  2 quasits
  19 orc wizards
  Ijyb (D:3)
  A bullfrog skeleton (D:8)
  5 iguanas
  13 worker ants
  2 worker ant zombies
  15 adders
  5 gnolls (D:5)
  4 shadow imps
  A white imp (D:6)
  3 ufetubi
  2 oozes
  2 adder skeletons
  8 worms
  2 dart slugs (D:1)
  5 leopard geckos
  49 orcs
  2 ball pythons
  8 bats
  3 bat zombies (D:3)
  4 giant cockroaches
  3 goblins
  4 hobgoblins (D:1)
  6 jackals
  6 kobolds
  5 quokkas
  2 frilled lizards (D:2)
  A quokka skeleton (D:6)
  12 rats
  2 rat zombies (D:3)
297 creatures vanquished.

Vanquished Creatures (others)
  A goblin (D:3)
  A bat (D:3)
  38 fungi (D:8)
  46 plants
86 creatures vanquished.

Grand Total: 383 creatures vanquished

Notes
Turn   | Place    | Note
-------+----------+-------------------------------------------
     0 | D:1      | Gottschkopf the Draconian Transmuter began the quest for
                  | the Orb.
     0 | D:1      | Reached XP level 1. HP: 16/16 MP: 3/3
   181 | D:1      | Reached XP level 2. HP: 21/23 MP: 0/5
   512 | D:1      | Learned a level 2 spell: Wereblood
   570 | D:1      | Reached XP level 3. HP: 28/28 MP: 4/6
   575 | D:1      | Learned a level 3 spell: Spider Form
  1237 | D:2      | Found a bloodstained altar of Trog.
  1466 | D:2      | Reached skill level 1 in Poison Magic
  1472 | D:2      | Reached XP level 4. HP: 34/35 MP: 7/7
  1511 | D:2      | Noticed a phantom
  1692 | D:3      | Found a white marble altar of Elyvilon.
  1835 | D:3      | Found an ancient bone altar of Kikubaaqudgha.
  2051 | D:3      | Noticed an angel
  2052 | D:3      | Found a shimmering altar of Xom.
  2052 | D:3      | Found a glowing silver altar of Zin.
  2083 | D:3      | Noticed Ijyb
  2112 | D:3      | Killed Ijyb
  2396 | D:4      | Reached XP level 5. HP: 36/40 MP: 6/8
  2438 | D:4      | Noticed an ogre
  2456 | D:4      | Killed an ogre
  2460 | D:4      | Reached skill level 5 in Transmutations
  2460 | D:4      | Reached XP level 6. HP: 43/47 MP: 4/9
  2701 | D:4      | Reached skill level 1 in Short Blades
  2786 | D:4      | Found a burning altar of Makhleb.
  2852 | D:4      | Noticed Eustachio
  2870 | D:4      | Killed Eustachio
  2870 | D:4      | Reached skill level 5 in Unarmed Combat
  3216 | D:4      | Your scales start taking on a dull iron-grey colour.
  3216 | D:4      | Reached XP level 7. HP: 43/52 MP: 4/10
  3216 | D:4      | Gained mutation: You can survive without breathing. [Grey
                  | Draconian growth]
  3970 | D:5      | Entered Level 5 of the Dungeon
  4004 | D:5      | Gained mutation: Your spells are a little harder to cast,
                  | but a little more powerful. [potion of mutation]
  4004 | D:5      | Gained mutation: You are agile. (Dex +2) [potion of
                  | mutation]
  4615 | D:6      | Reached XP level 8. HP: 20/59 MP: 6/11
  4886 | D:6      | Found a radiant altar of Vehumet.
  4886 | D:6      | Found Ihacwe's Gadget Boutique.
  5109 | D:5      | Noticed a moth of wrath
  5120 | D:5      | Found a bloodstained altar of Trog.
  5920 | D:5      | Reached skill level 1 in Shields
  5942 | D:5      | Noticed a two-headed ogre
  5958 | D:5      | Killed a two-headed ogre
  5958 | D:5      | Reached skill level 10 in Unarmed Combat
  5958 | D:5      | Reached XP level 9. HP: 52/64 MP: 7/12
  6337 | D:6      | Found a radiant altar of Vehumet.
  7213 | D:7      | Found a staircase to the Ecumenical Temple.
  7222 | Temple   | Entered the Ecumenical Temple
  7247 | Temple   | Became a worshipper of Ru the Awakened
  8803 | D:8      | Reached XP level 10. HP: 42/71 MP: 13/13
  8945 | D:8      | Found a staircase to the Lair.
  9095 | D:8      | Noticed Joseph
  9116 | D:8      | Reached skill level 10 in Transmutations
  9526 | D:8      | HP: 3/71 [Joseph/+0 quarterstaff (15)]
  9530 | D:8      | HP: 1/71 [Joseph/+0 quarterstaff (17)]
  9537 | D:8      | Killed Joseph
  9929 | D:8      | Learned a level 5 spell: Blade Hands
 10354 | D:8      | Noticed Erica
 10363 | D:8      | Killed Erica
 10840 | D:9      | Found a runed translucent gate.
 10894 | D:9      | Reached skill level 5 in Dodging
 11044 | D:9      | Found a runed translucent gate.
 11044 | D:9      | Found a runed translucent gate.
 11044 | D:9      | Noticed KennyOmg's ghost (novice MiBe)
 11071 | D:9      | Found a hide-covered altar of Uskayaw.
 11592 | D:9      | Found a blossoming altar of Fedhas.
 11595 | D:9      | Found a sparkling altar of Nemelex Xobeh.
 11598 | D:9      | Found an ornate altar of the Wu Jian Council.
 11945 | D:10     | Entered Level 10 of the Dungeon
 11979 | D:10     | Found a staircase to the Orcish Mines.
 11981 | D:10     | Found Jopog's Armour Boutique.
 12165 | D:10     | Reached skill level 5 in Fighting
 12885 | D:11     | Found Goot's Assorted Antiques.
 13065 | D:11     | Reached XP level 11. HP: 89/89 MP: 14/14
 13123 | D:11     | Noticed a seven-headed hydra
 13499 | D:12     | Noticed a deep elf mage
 13513 | D:12     | Killed a deep elf mage
 13678 | D:12     | Got a slimy hunting sling
 13951 | D:12     | Noticed a two-headed ogre
 13956 | D:12     | Killed a two-headed ogre
 14107 | D:11     | Found Ybogiph's Assorted Antiques.
 14109 | D:11     | Bought a scroll of identify for 66 gold pieces
 14423 | D:11     | Noticed Erolcha
 14430 | D:11     | Cast into level 1 of the Abyss (Erolcha)
 14561 | Abyss:1  | Noticed a hell hog
 14563 | Abyss:1  | Noticed a hell hog
 14565 | Abyss:1  | Noticed a hell hog
 14569 | Abyss:1  | Killed a hell hog
 14572 | Abyss:1  | Noticed a deep elf sorcerer
 14577 | Abyss:1  | Killed a deep elf sorcerer
 14583 | Abyss:1  | Killed from afar by a hell hog

Illustrated notes

Levels and vault maps discovered:
D:1:      dpeg_arrival_leaves_temple_mockup, layout_loops_ring
D:2:      layout_loops_cross, lightli_temple_of_fire,
          nicolae_qazlal_general_emergency, chequers_serial_rivers_small_a,
          minmay_pentomino_t4
D:3:      layout_rooms, grunt_temple_overflow_order_and_chaos_1,
          lemuel_crystal_altar, lemuel_zombie_altar_kikubaaqudgha, uniq_ijyb
D:4:      layout_cave_pods, kennysheep_little_box, minmay_cut_off,
          uniq_eustachio
D:5:      minmay_chambers_of_fours, layout_loops_ring, tgw_trog
D:6:      layout_rooms, vehumet_statue, basic_altar, serial_shops,
          nicolae_shop_trees
D:7:      layout_gridville, minmay_temple_entry_trees, lightli_corner_chamber
D:8:      layout_cave_pools, due_lair_maze_entry_diamond, uniq_erica,
          uniq_joseph
D:9:      layout_loops_corners, nicolae_overflow_crystal_walls,
          grunt_temple_overflow_diamond, gammafunk_ghost_spectres
D:10:     layout_basic, orc_david_3
D:11:     lemuel_ogre_cave, layout_basic, basic_altar, serial_shops,
          nicolae_shop_behind_doors, shop, shop
D:12:     layout_irregular_city, minmay_misc_feat_nine_boxes,
          minmay_misc_feat_pillars, serial_bayou_pond_e, grunt_ministairs_10,
          introduction_to_nature_2, uniq_erolcha
Temple:   zaba_magenta_temple
Abyss:1:  base:
D:8

Skill      XL: |  1  2  3  4  5  6  7  8  9 10 11 |
---------------+----------------------------------+-----
Unarmed Combat | 4 5 7 10 | 10.0
Poison Magic   | 1 2 |  2.0
Transmutations | 3 5 6 9 10 | 10.5
Short Blades   | 1 |  1.4
Shields        | 4 |  4.0
Dodging        | 5 8 |  8.8
Fighting       | 6 7 |  7.5
Spellcasting   | |  2.0

Action                   |  1- 3 |  4- 6 |  7- 9 | 10-12 || total
-------------------------+-------+-------+-------+-------++-------
Melee: Unarmed           |    21 |    35 |   282 |   285 ||   623
       Kick              |    10 |     9 |    37 |     7 ||    63
       Tailslap          |     7 |     8 |    21 |    28 ||    64
       Short sword       |    67 |    87 |    62 |       ||   216
       Headbutt          |     5 |    10 |    15 |     2 ||    32
       Punch             |       |     3 |     2 |     6 ||    11
 Cast: Beastly Appendage |    15 |    19 |    30 |     8 ||    72
       Wereblood         |     1 |     8 |    21 |    17 ||    47
       Spider Form       |       |     5 |    21 |     3 ||    29
       Blade Hands       |       |       |       |    39 ||    39
Invok: Reject Sacrifices |       |       |       |     1 ||     1
 Abil: End Transformatio |       |       |     1 |       ||     1
  Use: Scroll            |       |       |     9 |     9 ||    18
       Potion            |       |       |     1 |     5 ||     6
 Stab: Sleeping          |     1 |       |     2 |       ||     3
       Distracted        |       |       |       |     1 ||     1
       Invisible         |       |       |       |     1 ||     1
Armor: Skin              |    33 |    51 |    93 |    63 ||   240
Dodge: Dodged            |    68 |   149 |   261 |   158 ||   636
Block: Buckler           |       |       |    28 |    12 ||    40

Table legend: (Time is in decaauts)
 A = Elapsed time spent in this place.
 B = Non-inter-level travel time spent in this place.
 C = Inter-level travel time spent in this place.
 D = Time resting spent in this place.
 E = Time spent auto-exploring this place.
 F = Levels seen in this place.
 G = Mean time per level.
                   A        B        C        D        E       F      G
               +--------+--------+--------+--------+--------+-----+--------+
         Total |  14503 |  14009 |    494 |   2127 |   9564 |  14 | 1035.9 |
       Dungeon |  14313 |  13831 |    482 |   2127 |   9472 |  12 | 1192.8 |
        Temple |     40 |     28 |     12 |      0 |     12 |   1 |   40.0 |
         Abyss |    149 |    149 |      0 |      0 |     80 |   1 |  149.0 |
               +--------+--------+--------+--------+--------+-----+--------+

Top non-repeatable levels by time:
     D:7: 2572 daAuts
     D:5: 1785 daAuts
     D:4: 1613 daAuts
     D:8: 1398 daAuts
     D:1: 1130 daAuts
     D:9: 1105 daAuts
     D:6: 1009 daAuts
    D:12: 923 daAuts
    D:10: 852 daAuts
     D:3: 819 daAuts
    D:11: 687 daAuts
     D:2: 416 daAuts
 Abyss:1: 149 daAuts
  Temple: 40 daAuts
